 Dungeon Crawl Stone Soup version 0.30.0-30-g96aa6591b8 (webtiles) character file.

Game seed: 9441310083269067439

139 monsoonserge the Magician (level 5, -5/38 HPs)
             Began as a Djinni Warper on June 28, 2023.
             Slain by Natasha (7 damage)
             ... on level 2 of the Dungeon.
             The game lasted 00:07:52 (1857 turns).

monsoonserge the Magician (Djinni Warper)           Turns: 1857, Time: 00:07:52

Health: -5/38      AC:  4    Str: 10    XL:     5   Next: 46%
Gold:   131        EV: 12    Int: 17    God:
                   SH:  0    Dex: 12

rFire   + + .        i - +1 short sword (flame)
rCold   x . .        (no shield)
rNeg    . . .        b - +0 leather armour
rPois   ∞            (no helmet)
rElec   .            (no cloak)
rCorr   .            h - +0 pair of gloves
SInv    .            (boots unavailable)
Will    .....        n - amulet of the acrobat
Stlth   +            (no ring)
HPRegen 0.26/turn    (no ring)
MPRegen 0.00/turn

%: acrobat, infuse magic (-6 HP)
@: on blink cooldown, flying
A: sickness immunity, fire resistance 2, cold vulnerability 1, float, innate
caster, HP casting, extra vitality 1
a: no special abilities


You were on level 2 of the Dungeon.
You visited 1 branch of the dungeon, and saw 2 of its levels.

You collected 131 gold pieces.

Inventory:

Hand Weapons
 a - a +0 falchion
 i - a +1 short sword of flaming (weapon)
Missiles
 d - 7 boomerangs of dispersal (quivered)
Armour
 b - a +0 leather armour (worn)
 h - a +0 pair of gloves (worn)
 j - a +0 ring mail
Jewellery
 g - an amulet of faith
 n - an amulet of the acrobat (around neck)
Scrolls
 c - a scroll of blinking
 e - a scroll of amnesia {unknown}
 f - 3 scrolls of identify {unknown}
 m - a scroll of teleportation {unknown}
Potions
 k - a potion of invisibility {unknown}
 l - a potion of curing


   Skills:
 + Level 2.1 Fighting
 + Level 2.5 Long Blades
 + Level 0.7 Throwing
 * Level 2.7 Armour
 + Level 2.6 Dodging
 * Level 3.3 Spellcasting


You knew the following spells:

 Your Spells              Type           Power      Damage    Failure   Level
a - Blink                 Tloc           28%        N/A       9%          2
b - Lesser Beckoning      Tloc           28%        N/A       9%          2
c - Vhi's Electric Charg  Tloc/Air       28%        N/A       17%         3
d - Teleport Other        Tloc           14%        N/A       17%         3
e - Manifold Assault      Tloc           14%        N/A       50%         4
f - Foxfire               Conj/Fire      56%        2x1d6     5%          1
g - Call Imp              Summ           28%        N/A       9%          2
Your spell library was empty.

Dungeon Overview and Level Annotations

Branches:
Dungeon (2/15)

Altars:
Makhleb

Shops:
D:1 (

Annotations:
D:2 Natasha


Innate Abilities, Weirdness & Mutations

You are immune to sickness and miasma.
You are immune to poison.
Your flesh is very heat resistant. (rF++)
You are vulnerable to cold. (rC-)
You float through the air rather than walking.
You learn spells naturally, not from books.
Your magical power is your life essence.
You have superior vitality. (+4 MHP)


Message History

You blink.
* * * LOW HITPOINT WARNING * * *
The foxfire hits the cerulean imp but does no damage.
Casting: Blink (safe; 9% risk of failure)
Confirm with . or Enter, or press ? or * to list all spells.
Okay, then.
You aren't carrying any items that you can evoke.
Casting: Blink (safe; 9% risk of failure)
Confirm with . or Enter, or press ? or * to list all spells.
Okay, then.
Press: ? - help, v - describe, . - travel
Here: Natasha (moderately wounded)
The floor.
Casting: Blink (safe; 9% risk of failure)
Confirm with . or Enter, or press ? or * to list all spells.
Okay, then.
Casting: Blink (safe; 9% risk of failure)
Confirm with . or Enter, or press ? or * to list all spells.
Okay, then.
Casting: Blink (safe; 9% risk of failure)
Confirm with . or Enter, or press ? or * to list all spells.
You conjure some foxfire!
* * * LOW HITPOINT WARNING * * *
Natasha claws you but does no damage.
The cerulean imp hits you from afar with a +1 spear.
* * * LOW HITPOINT WARNING * * *
Press: ? - help, v - describe, . - travel
Here: Natasha (moderately wounded, ally target)
The floor.
Casting: Foxfire (safe; 5% risk of failure)
Confirm with . or Enter, or press ? or * to list all spells.
You conjure some foxfire!
* * * LOW HITPOINT WARNING * * *
The foxfire hits Natasha.
Natasha is heavily wounded.
The foxfire hits the cerulean imp.
The cerulean imp is lightly wounded.
Your cerulean imp closely misses the cerulean imp.
Natasha claws you!
You die...

#...........'....'.......
#...........######.....##
#........#### #######
#####'######## ### .
#............ ..# ### .
#......##########.# §..# .
#####....).'....#..##.#....#
.
#^.........####.v...5.)....#
#......##+#.....@h5.#v#....#
## #......##...#<...v###.#
...# .. #......##....###..#
#.# #+#######
#......##.#...##..# #.#
#........
#.................#
#.##########.
###.#####.###.....###.#.. #.
###.### #.######....#.#.# #.
#.....# #...........#.#.#
.#. #.....#
###########.#.#.# #.#.


You could see Natasha (ally target), a cerulean imp (summoned, ally target) and
a friendly cerulean imp (summoned).

Vanquished Creatures
  Natasha (D:2)
  6 adders (D:2)
  4 ball pythons (D:1)
  5 endoplasms (D:2)
  5 giant cockroaches
  5 goblins
  7 hobgoblins
  4 jackals (D:1)
  6 kobolds
  2 quokkas (D:1)
  3 bats
  2 frilled lizards
  5 rats
55 creatures vanquished.

Vanquished Creatures (others)
  95 foxfires
95 creatures vanquished.

Grand Total: 150 creatures vanquished

Notes
Turn   | Place    | Note
-------+----------+-------------------------------------------
     0 | D:1      | monsoonserge the Djinni Warper began the quest for the Orb.
     0 | D:1      | monsoonserge set off with the following spells memorised:
                  | Blink, Lesser Beckoning, Vhi's Electric Charge, Teleport
                  | Other, Manifold Assault.
     0 | D:1      | Reached XP level 1. HP: 18/18 MP: 0/0
   157 | D:1      | Reached XP level 2. HP: 23/23 MP: 0/0
   224 | D:1      | Found Keruq's Weapon Shoppe.
   400 | D:1      | Reached XP level 3. HP: 28/28 MP: 0/0
   400 | D:1      | Learned a level 1 spell: Foxfire
  1096 | D:2      | Reached skill level 3 in Spellcasting
  1166 | D:2      | Reached XP level 4. HP: 31/33 MP: 0/0
  1660 | D:2      | Found a burning altar of Makhleb.
  1667 | D:2      | Reached XP level 5. HP: 29/38 MP: 0/0
  1667 | D:2      | Learned a level 2 spell: Call Imp
  1832 | D:2      | Noticed Natasha
  1843 | D:2      | Killed Natasha
  1849 | D:2      | Noticed Natasha
  1857 | D:2      | Slain by Natasha

Illustrated notes

Levels and vault maps discovered:
D:1:      evilmike_arrival_hilbert_curve, layout_basic, serial_shops, shop
D:2:      layout_basic, basic_altar, uniq_natasha

Skill      XL: |  1  2  3  4 |
---------------+-------------+-----
Long Blades    | 2 |  2.5
Spellcasting   | 3 |  3.3
Armour         | 2 |  2.7
Fighting       | |  2.1
Throwing       | |  0.7
Dodging        | |  2.6

Action                     |  1- 3 |  4- 6 || total
---------------------------+-------+-------++-------
  Melee: Falchion          |    68 |       ||    68
         Short sword       |     5 |    30 ||    35
         Punch             |       |     1 ||     1
   Cast: Foxfire           |    23 |    39 ||    62
         Blink             |     1 |     2 ||     3
         Call Imp          |       |     2 ||     2
 Armour: Leather armour    |    23 |    11 ||    34
  Dodge: Dodged            |    50 |    28 ||    78
